 Dungeon Crawl Stone Soup version 0.28-a0-664-gc179e30c89 (console) character file.

Game seed: 4757751450219656026

78 Gather the Firebug (level 3, -4/26 HPs)
             Began as a Demigod Fire Elementalist on Oct 15, 2021.
             Slain by a kobold (5 damage)
             ... on level 2 of the Dungeon on Oct 16, 2021.
             The game lasted 00:08:16 (1840 turns).

Gather the Firebug (Demigod Fire Elementalist)      Turns: 1840, Time: 00:08:16

Health: -4/26      AC:  2    Str:  9    XL:     3   Next: 94%
Magic:  8/8        EV:  9    Int: 21    God:
Gold:   105        SH:  0    Dex: 14    Spells: 2/5 levels left

rFire   . . .      SeeInvis .   o - +0 dagger (venom)
rCold   . . .      Faith    .   (no shield)
rNeg    . . .      Spirit   .   a - +0 robe
rPois   .          Reflect  .   (no helmet)
rElec   .          Harm     .   (no cloak)
rCorr   .          Rampage  .   (no gloves)
Will    .....                   (no boots)
Stlth   ++........              (no amulet)
HPRegen 0.08/turn               (no ring)
MPRegen 0.11/turn               (no ring)

@: constricted
A: high mp 1, forlorn
a: no special abilities


You were on level 2 of the Dungeon.
You visited 1 branch of the dungeon, and saw 2 of its levels.

You collected 105 gold pieces.

Inventory:

Hand Weapons
 b - a +0 dagger
 j - a +0 whip
 o - a +0 dagger of venom (weapon)
Missiles
 f - 13 sling bullets
 k - 17 stones
Armour
 a - a +0 robe (worn)
 c - a +0 leather armour
 m - a +0 ring mail
Scrolls
 i - 2 scrolls of identify
 l - a scroll of teleportation {unknown}
 n - a scroll of immolation {unknown}
Potions
 d - 2 potions of degeneration
 e - 2 potions of haste {unknown}
 g - 2 potions of cancellation {unknown}
 h - a potion of flight {unknown}
 p - a potion of curing {unknown}


   Skills:
 - Level 1.7 Dodging
 - Level 1.7 Stealth
 - Level 1.7 Spellcasting
 - Level 0.8 Conjurations
 + Level 4.6 Fire Magic


You had 2 spell levels left.
You knew the following spells:

 Your Spells              Type           Power      Damage    Failure   Level
a - Foxfire               Conj/Fire      52%        2x1d6     4%          1
b - Scorch                Fire           42%        2d7       3%          2

Your spell library contained the following spells:

 Spells                   Type           Power      Damage    Failure   Level
 Ensorcelled Hibernation  Hex/Ice        2%         N/A       22%         2
 Conjure Flame            Conj/Fire      13%        6-21      14%         3
 Inner Flame              Hex/Fire       11%        N/A       19%         3
 Spider Form              Tmut/Pois      0%         N/A       41%         3
 Flame Wave               Conj/Fire      13%        3d5       43%         4


Dungeon Overview and Level Annotations

Branches:
Dungeon (2/15)

Annotations:
D:2 Terence


Innate Abilities, Weirdness & Mutations

Your attributes grow dramatically as you level up.
You have an increased reservoir of magic. (+10% MP)
You shall have no god before yourself.


Message History

Moving in this stuff is going to be slow.
Why would you want to do that?
You see here a +0 leather armour.
Okay, then.
You enter the shallow water.
Moving in this stuff is going to be slow.
You stumble into a teleport trap!
You are suddenly yanked towards some nearby monsters!
Your surroundings suddenly seem different.
A ball python, a kobold and Terence come into view.
Found a stone staircase leading up.
The kobold shouts!
The ball python hisses angrily.
Terence hits you from afar with a +0 trident!
The kobold hits you with a +0 short sword.
Terence closely misses you. The kobold hits you but does no damage.
Terence hits you from afar with a +0 trident.
Found a whip.
The kobold throws a stone.
The stone hits you. The ball python completely misses you.
The ball python barely misses you. The ball python misses you. x2
The ball python bites you but does no damage.
The ball python barely misses you.
The kobold throws a stone.
The stone barely misses you. Terence says, "Did you write a will?
You should..."
There is an escape hatch in the ceiling here.
The ball python bites you but does no damage.
The ball python grabs you.
You stop ascending the stairs.
The ball python constricts you.
You escape the ball python's grasp.
The ball python misses you. The ball python grabs you.
You stop ascending the stairs.
The ball python constricts you. The kobold barely misses you.
Terence hits you from afar with a +0 trident!
* * * LOW HITPOINT WARNING * * *
Unknown command.
As you read the scroll labelled MIUSIM HOQO, it crumbles to dust.
It is a scroll of identify.
d - 2 potions of degeneration The ball python misses you.
The ball python constricts you.
* * * LOW HITPOINT WARNING * * *
The kobold hits you with a +0 short sword.
You die...

...# .#..####..####.....##†.###..
#.# ...........>.....####..# #..
#.#...#.....#...†....##....# #..
##.#.###...........≈.....##.# #..
#.....##........≈.....#..#..# #..
##†##.##..####.≈.≈≈........###...
...#..>...##........#..#.........
##.#......##.........#.....##....
..........(>.....................
⌠≈≈...............##......##...##
..≈.......##....@S##...#........#
#.P.#[###.##.....K@.#..#..... ...
#.⌠.#.# #..#........#.....## ####
#.≈.#.# ##.#...............# ...#
..≈.#.# #.##.####.......#...##..
P⌠≈.#.# #.#..###......#.###...##
......# #.#.#....#.##...#..)#.##
..##.#####.#...####.###....###...
.......†.#....#..............#...
......†<÷†.......######..........
........).......## #..........


You could see Terence, a ball python and a kobold.

Vanquished Creatures
  Natasha (D:2)
  An adder (D:2)
  5 bats
  2 endoplasms (D:2)
  A giant cockroach (D:1)
  3 goblins
  8 hobgoblins
  8 jackals (D:1)
  3 kobolds
  2 quokkas (D:2)
  3 ball pythons
37 creatures vanquished.

Vanquished Creatures (others)
  44 foxfires
44 creatures vanquished.

Grand Total: 81 creatures vanquished

Notes
Turn   | Place    | Note
-------+----------+-------------------------------------------
     0 | D:1      | Gather the Demigod Fire Elementalist began the quest for
                  | the Orb.
     0 | D:1      | Reached XP level 1. HP: 14/14 MP: 5/5
   187 | D:1      | Reached skill level 3 in Fire Magic
   420 | D:1      | Reached XP level 2. HP: 18/20 MP: 2/7
   455 | D:1      | Learned a level 2 spell: Scorch
  1336 | D:2      | Noticed Natasha
  1352 | D:2      | Killed Natasha
  1353 | D:2      | Reached skill level 4 in Fire Magic
  1353 | D:2      | Reached XP level 3. HP: 26/26 MP: 0/8
  1824 | D:2      | Noticed Terence
  1840 | D:2      | HP: 1/26 [constriction (1)]
  1840 | D:2      | Slain by a kobold

Illustrated notes

Levels and vault maps discovered:
D:1:      saegor_arrival_simple_b, layout_loops_ring
D:2:      layout_rooms, shapermc_ecumenical_altar_acropolis, serial_rivers,
          chequers_serial_rivers_room_b, chequers_serial_rivers_small_b,
          chequers_serial_rivers_micro_c, chequers_serial_rivers_room_a,
          chequers_serial_rivers_large_b, chequers_serial_rivers_micro_c,
          minmay_pentomino_t2, uniq_terence, uniq_natasha

Skill      XL: |  1  2 |
---------------+-------+-----
Fire Magic     | 3 4 |  4.6
Dodging        | |  1.7
Stealth        | |  1.7
Spellcasting   | |  1.7
Conjurations   | |  0.8

Action                   || total
-------------------------++-------
Melee: Unarmed           ||     4
       Dagger            ||    17
       Whip              ||     2
 Cast: Foxfire           ||    26
       Scorch            ||    25
  Use: Scroll            ||     1
 Stab: Sleeping          ||     1
Armor: Robe              ||    23
Dodge: Dodged            ||    53

Table legend: (Time is in decaauts)
 A = Elapsed time spent in this place.
 B = Non-inter-level travel time spent in this place.
 C = Inter-level travel time spent in this place.
 D = Time resting spent in this place.
 E = Time spent auto-exploring this place.
 F = Levels seen in this place.
 G = Mean time per level.
                   A        B        C        D        E       F      G
               +--------+--------+--------+--------+--------+-----+--------+
         Total |   1849 |   1829 |     20 |    108 |   1307 |   2 |  924.5 |
       Dungeon |   1849 |   1829 |     20 |    108 |   1307 |   2 |  924.5 |
               +--------+--------+--------+--------+--------+-----+--------+

Top non-repeatable levels by time:
     D:1: 1367 daAuts
     D:2: 482 daAuts
